Map: Orbital Shipyard

Players

LilDicky - Winner!

  • Race: Terran Terran
  • League: Diamond

sidelinestu

  • Race: Terran Terran
  • League: Diamond

VOD

http://www.twitch.tv/tumescentpie

Description

Time

  • Played on: Dec. 7, 2015, 12:24 p.m.
  • Length: 20:35
Show
View Real Time Build Order
Export as new Build Order

LilDicky Terran - Winner!

Build Orders:  

Get SALT Encoding   

  12  0:03  SCV  
  13  0:15  SCV  
  13  0:20  Supply Depot  
  14  0:27  SCV  
  15  0:35  Refinery  
  15  0:41  SCV  
  16  0:45  Barracks  
  16  0:54  SCV  
  17  1:06  SCV  
  18  1:18  SCV  
  19  1:24  Refinery  
  19  1:30  SCV  
  20  1:38  Reaper  
  20  1:39  Supply Depot  
  21  1:42  Orbital Command  
  21  2:06  Factory  
  21  2:10  Marine  
  21  2:11  SCV  
  22  2:23  SCV  
  22  2:27  Supply Depot  
  22  2:28  Marine  
  23  2:46  Marine  
  24  3:06  Marine  
  24  3:07  Factory Tech Lab  
  24  3:09  Starport  
  24  3:14  SCV  
  25  3:24  Marine  
  26  3:28  SCV  
  26  3:29  Command Center  
  26  3:32  Siege Tank  
  30  3:40  SCV  
  31  3:42  Marine  
  31  3:43  Supply Depot  
  31  3:47  Medivac  
  33  3:52  SCV  
  34  3:59  Marine  
  35  4:04  Siege Tank  
  38  4:17  Marine, Medivac  
  41  4:27  SCV  
  42  4:39  SCV  
  42  4:42  Orbital Command  
  43  4:45  Refinery  
  43  4:46  Refinery  
  43  4:48  Factory  
  43  4:51  SCV  
  44  4:54  Marine  
  44  4:57  Engineering Bay  
  44  4:58  Starport Reactor  
  45  5:03  SCV  
  46  5:08  SCV  
  47  5:15  Siege Tank  
  47  5:16  SCV  
  47  5:20  SCV  
  51  5:37  Factory Tech Lab  
  14  6:44  Orbital Command  
  14  6:46  Starport Tech Lab  
  14  7:07  Orbital Command  
  14  7:16  Widow Mine  
  16  7:32  Banshee  
  16  7:34  Cloaking Field  
  19  7:44  Widow Mine  
  19  7:45  SCV x2  
  21  8:24  Banshee  
  13  8:51  Widow Mine  
  15  9:00  Supply Depot  
  15  9:07  Viking  
  17  9:20  Hellion  
  19  9:25  Orbital Command  
  19  9:38  Barracks  
  17  9:57  Viking  
  19  10:02  Hellion  
  20  10:23  SCV  
  17  10:56  Supply Depot  
  13  11:44  SCV, Refinery  
  14  11:57  SCV  
  14  11:59  Viking  
  17  12:05  Refinery  
  17  12:09  SCV  
  18  12:18  Hellion  
  18  12:21  SCV  
  21  12:37  Command Center  
  19  13:07  Hellion  
  19  13:09  Viking  
  21  13:29  Hellion  
  19  13:40  SCV, Starport Tech Lab  
  18  14:07  Hellion  
  17  14:11  SCV  
  18  14:28  SCV  
  18  14:30  SCV  
  20  14:52  SCV  
  21  14:53  SCV  
  19  15:26  Barracks  
  19  15:32  SCV  
  22  15:57  Hellion  
  16  16:30  Hellion  
  16  16:34  Banshee  
  20  17:02  Orbital Command  
  20  17:03  SCV  
  20  17:08  Marine  
  19  17:32  Banshee  
  22  17:52  Hellion  
  22  18:07  Marine  
  22  18:11  Barracks  
  23  18:15  Viking  
  23  18:16  Barracks  
  25  18:33  Marine  
  26  18:35  Hellion  
  28  18:56  Marine  
  28  19:02  Hellion  
  31  19:03  Marine x2  
  33  19:14  Marine  
  33  19:20  Marine  
  34  19:35  Marine x2  
  36  19:38  Marine  
  37  19:47  Hellion  
  37  19:53  Marine  
Show
View Real Time Build Order
Export as new Build Order

sidelinestu Terran 

Build Orders: Reaper Expand 

Get SALT Encoding   

  12  0:02  SCV  
  13  0:14  SCV  
  13  0:19  Supply Depot  
  14  0:26  SCV  
  15  0:41  SCV  
  16  0:43  Barracks  
  16  0:46  Refinery  
  16  0:53  SCV  
  17  1:05  SCV  
  18  1:18  SCV  
  19  1:32  Orbital Command  
  19  1:34  Reaper  
  20  1:47  Command Center  
  20  1:57  Supply Depot  
  20  2:00  SCV  
  20  2:06  Barracks Reactor  
  20  2:13  SCV  
  21  2:18  Barracks  
  21  2:28  Barracks  
  21  2:29  SCV  
  22  2:36  Refinery  
  22  2:41  SCV  
  22  2:44  Marine x2  
  24  2:56  SCV  
  24  3:02  Marine x2  
  24  3:12  SCV  
  24  3:13  Orbital Command  
  24  3:19  Marine  
  24  3:20  Barracks Tech Lab x2  
  24  3:22  Barracks Reactor  
  25  3:30  SCV  
  25  3:33  Engineering Bay  
  26  3:42  SCV  
  26  3:43  SCV  
  26  3:47  Marine x2  
  30  3:51  Stimpack  
  30  3:56  SCV x2  
  30  4:00  Marine x2  
  34  4:09  SCV  
  35  4:10  SCV  
  36  4:21  SCV, Marine x2  
  36  4:22  Marine x2  
  41  4:30  Supply Depot, SCV  
  41  4:31  Factory  
  41  4:33  SCV  
  41  4:36  Missile Turret  
  42  4:41  Missile Turret  
  42  4:42  SCV  
  42  4:45  Marine  
  44  4:49  Marine x2  
  44  4:51  Marine  
  47  4:54  Supply Depot  
  47  4:57  SCV  
  47  4:58  SCV  
  49  5:04  Marine  
  49  5:05  Marine  
  51  5:10  SCV x2, Marine  
  54  5:16  Marine  
  54  5:17  Starport, Factory Reactor  
  55  5:22  SCV x2  
  55  5:24  Supply Depot  
  53  5:38  Marine x2  
  53  5:39  Marine x3  
  52  5:56  Marine x2  
  35  6:04  Marine x2  
  26  6:10  Viking  
  30  6:12  Widow Mine x2  
  30  6:14  Marine x2  
  32  6:31  Marine  
  28  6:45  Widow Mine x2  
  30  6:53  Viking  
  31  7:04  Marine x2  
  33  7:15  Orbital Command  
  31  7:39  Orbital Command  
  31  7:48  Marine  
  32  7:51  Hellion  
  32  7:52  Hellion  
  36  8:21  Orbital Command  
  32  9:19  SCV  
  32  9:22  Factory Tech Lab  
  33  9:34  Orbital Command  
  33  9:37  SCV  
  34  9:49  SCV  
  34  10:01  SCV  
  16  11:31  Orbital Command  
  15  11:41  Marine  
  16  11:58  SCV  
  16  12:15  Engineering Bay  
  16  12:40  Supply Depot  
  15  13:02  SCV  
  15  13:04  Missile Turret  
  16  13:14  SCV  
  17  13:26  SCV, Starport  
  17  13:38  SCV  
  18  13:50  SCV  
  18  13:51  Refinery  
  18  13:57  Widow Mine  
  17  14:08  SCV  
  16  14:33  Missile Turret  
  16  14:37  SCV  
  15  14:39  Viking  
  15  14:44  Factory Tech Lab, Refinery  
  17  14:49  SCV  
  14  14:58  Marine  
  15  15:01  SCV  
  15  15:17  Supply Depot  
  15  15:20  Supply Depot  
  15  15:39  SCV  
  15  15:42  Marine  
  11  16:27  Siege Tank  
  11  16:28  Marine  
  11  16:31  SCV  
  16  16:43  SCV  
  15  16:50  Marine  
  16  16:56  SCV  
  17  17:08  SCV, Marine  
  19  17:20  SCV  
  20  17:26  Medivac  
  20  17:29  Marine  
  23  17:32  SCV  
  17  18:01  Marine  
  17  18:02  Viking  
  19  18:22  Barracks  
  19  18:25  Missile Turret  
  18  18:55  Marine  
  14  19:13  Marine  
  14  19:15  Marine  
  14  19:16  Viking  
  18  19:23  Refinery  
  17  19:31  Marine  
  16  19:42  SCV  
  16  19:43  Barracks Tech Lab  
  17  19:55  Marine  
  14  20:00  SCV  
  14  20:02  Marine  
  15  20:13  Marine  
Tags
 
Add a new tag
Caveats
  • Supply blocks, unpowered buildings, or Contaminate may cause inaccurate times.
  • Supply counts are checked every 10 seconds.